 Dungeon Crawl Stone Soup version 0.30-a0-626-gd6a5dd7a1f (webtiles) character file.

Game seed: 763690018304077567

575 ragingrage the Chopper (level 7, -2/59 HPs)
             Began as a Hill Orc Artificer on Jan 12, 2023.
             Was an Initiate of Qazlal.
             Slain by an ogre
             ... wielding a +0 giant club
              (28 damage)
             ... on level 5 of the Dungeon.
             The game lasted 00:04:58 (5066 turns).

ragingrage the Chopper (Hill Orc Artificer)         Turns: 5066, Time: 00:04:58

Health: -2/59      AC: 10    Str: 17    XL:     7   Next: 35%
Magic:  7/7        EV:  7    Int: 11    God:    Qazlal [......]
Gold:   238        SH:  5    Dex: 11    Spells: 6/6 levels left

rFire   . . .      SeeInvis .    a - +0 war axe
rCold   . . .      Faith    .    (no shield)
rNeg    . . .      Spirit   .    o - +0 chain mail
rPois   .          Reflect  +    y - +0 helmet
rElec   .          Harm     .    E - +0 cloak
rCorr   .          Rampage  .    (no gloves)
Will    .....                    (no boots) Stlth
                                 m - amulet of reflection
HPRegen 0.29/turn                (no ring)
MPRegen 0.10/turn                (no ring)

@: no status effects
A: no striking features
a: Renounce Religion


You were on level 5 of the Dungeon.
You worshipped Qazlal.
Qazlal was noncommittal.
You visited 2 branches of the dungeon, and saw 6 of its levels.

You collected 238 gold pieces.

Inventory:

Hand Weapons
 a - a +0 war axe (weapon)
 p - a +0 whip
 w - a +1 flail of protection
Missiles
 q - 4 poisoned darts
Armour
 o - a +0 chain mail (worn)
 y - a +0 helmet (worn)
 E - a +0 cloak (worn)
Jewellery
 m - an amulet of reflection (around neck)
 F - a ring of flight
Wands
 c - a wand of flame (11) (quivered)
 d - a wand of charming (13)
 e - a wand of iceblast (5)
 D - a wand of light (5)
Scrolls
 g - 2 scrolls of fear {unknown}
 i - a scroll of vulnerability {unknown}
 l - a scroll of noise {unknown}
 n - 2 scrolls of teleportation {unknown}
 r - 2 scrolls of enchant weapon {unknown}
 t - 2 scrolls of poison {unknown}
 u - a scroll of blinking {unknown}
 v - a scroll of silence {unknown}
 x - 2 scrolls of summoning {unknown}
 B - a scroll of identify {unknown}
 C - a scroll of brand weapon {unknown}
Potions
 b - a potion of resistance {unknown}
 f - 3 potions of heal wounds {unknown}
 h - a potion of invisibility {unknown}
 j - a potion of curing {unknown}
 k - a potion of might {unknown}
 s - a potion of attraction {unknown}
 z - a potion of brilliance {unknown}
 A - a potion of degeneration {unknown}
 G - 2 potions of lignification {unknown}


   Skills:
 - Level 4.0 Fighting
 + Level 7.1 Axes
 - Level 2.1 Armour
 - Level 0.7 Dodging
 - Level 0.7 Stealth
 - Level 5.0 Evocations


You had 6 spell levels left.
You didn't know any spells.
Your spell library contained the following spells:

 Spells                   Type           Power      Damage    Failure   Level
 Kiss of Death            Conj/Necr      0%         2d5       99%         1
 Confusing Touch          Hex            0%         N/A       100%        3
 Dispel Undead            Necr           0%         3d6       100%        4


Dungeon Overview and Level Annotations

Branches:
Dungeon (5/15)             Temple (1/1) D:4

Altars:
Ashenzari
Cheibriados
Dithmenos
Elyvilon
Fedhas
Gozag
Hepliaklqana
Kikubaaqudgha
Makhleb
Nemelex Xobeh
Okawaru
Qazlal
Sif Muna
Trog
Uskayaw
Wu Jian
Xom
Yredelemnul
Zin
The Shining One

Annotations:
D:2 Sigmund


Message History

There is an open door here.
A shadow imp and an ogre come into view.
The shadow imp shouts!
The shadow imp moves out of view.
Throw: 7 darts (poison)
Press: ? - help, Shift-Dir - straight line, f - ogre
Aim: an ogre, wielding a +0 giant club (73% to hit)
You throw a poisoned dart. The poisoned dart hits the ogre.
Throw: 6 darts (poison)
Press: ? - help, Shift-Dir - straight line, f/p - ogre
Aim: an ogre, wielding a +0 giant club (73% to hit)
You throw a poisoned dart.
The poisoned dart barely misses the ogre.
Throw: 5 darts (poison)
Press: ? - help, Shift-Dir - straight line, f/p - ogre
Aim: an ogre, wielding a +0 giant club (73% to hit)
You throw a poisoned dart. The poisoned dart hits the ogre.
You slash the ogre!
The ogre is heavily wounded.
The ogre hits you with a +0 giant club!!
An ogre comes into view. It is wielding a +0 giant club.
The ogre shouts!
You hit the ogre.
The ogre is heavily wounded.
You slash the ogre!
The ogre is almost dead.
You hit the shadow imp but do no damage.
The ogre barely misses you.
The shadow imp hits you but does no damage.
You hit the ogre.
The ogre is almost dead.
You hit the shadow imp. The ogre hits you with a +0 giant club!
You block the shadow imp's attack.
You barely miss the ogre.
The ogre is almost dead.
You slash the shadow imp!
You kill the shadow imp!
Qazlal accepts your kill.
The ogre hits you with a +0 giant club!!
You die...

...#.+...'.#.......###
#'#.#####.#+#...#+#
#.....#.....#...#
#.....'.....##+##
#.....#.....#
#+#.#####.#+#
#.'...+.# ###...###
#.@.....# #O#...#'#
.(.#O..# .# .(...##'##
# #.(... .. ###.#' #..
'.#. #.. .###. ..#


You could see 2 ogres.

Vanquished Creatures
  A black bear (D:5)
  A phantom (D:4)
  A scorpion (D:5)
  An orc priest (D:4)
  A hound (D:4)
  Terence (D:3)
  2 iguanas
  Robin (D:4)
  8 adders
  A gnoll (D:3)
  A shadow imp (D:5)
  An ufetubus (D:4)
  A worm (D:2)
  10 orcs
  8 endoplasms
  5 giant cockroaches
  12 goblins
  15 hobgoblins
  8 quokkas
  8 ball pythons
  3 bats
  4 frilled lizards
  5 kobolds
  5 rats
104 creatures vanquished.

Vanquished Creatures (collateral kills)
  An orc (D:3)
  A giant cockroach (D:3)
2 creatures vanquished.

Vanquished Creatures (others)
  2 gnolls (D:3)
  4 plants (D:4)
6 creatures vanquished.

Grand Total: 112 creatures vanquished

Notes
Turn   | Place    | Note
-------+----------+-------------------------------------------
     0 | D:1      | ragingrage the Hill Orc Artificer began the quest for the
                  | Orb.
     0 | D:1      | Reached XP level 1. HP: 16/16 MP: 1/1
   176 | D:1      | Reached XP level 2. HP: 24/24 MP: 2/2
   767 | D:1      | Reached XP level 3. HP: 26/30 MP: 3/3
  1745 | D:2      | Found a faded altar of an unknown god.
  1759 | D:2      | Reached XP level 4. HP: 33/38 MP: 4/4
  2092 | D:2      | Noticed Sigmund
  2257 | D:3      | Noticed Terence
  2261 | D:3      | Killed Terence
  2308 | D:3      | Reached XP level 5. HP: 40/46 MP: 5/5
  2484 | D:3      | Reached skill level 1 in Axes
  2949 | D:3      | Reached skill level 2 in Axes
  3514 | D:4      | Reached skill level 3 in Axes
  3514 | D:4      | Reached XP level 6. HP: 44/52 MP: 6/6
  3634 | D:4      | Noticed Robin
  3636 | D:4      | Reached skill level 5 in Evocations
  3672 | D:4      | Killed Robin
  3880 | D:4      | Found a staircase to the Ecumenical Temple.
  3907 | D:4      | Reached skill level 4 in Axes
  3949 | D:4      | Reached skill level 5 in Axes
  4138 | D:4      | Identified the +5 dagger "Sarcophage" {holy, rPois Str+3
                  | Int+4 Dex-2}
  4541 | D:5      | Entered Level 5 of the Dungeon
  4584 | D:5      | Reached skill level 6 in Axes
  4584 | D:5      | Reached XP level 7. HP: 59/59 MP: 7/7
  4602 | Temple   | Entered the Ecumenical Temple
  4772 | Temple   | Became a worshipper of Qazlal Stormbringer
  4909 | D:5      | Reached skill level 7 in Axes
  5066 | D:5      | Slain by an ogre

Illustrated notes

Levels and vault maps discovered:
D:1:      tarquinn_simple_flora_water_d, layout_loops_corners
D:2:      layout_loops_ring, hellmonk_ecumenical_altar_crossroads,
          serial_bayou_ford_a, uniq_sigmund
D:3:      layout_loops_ring, uniq_terence
D:4:      layout_loops_corners, minmay_temple_entry_from_below_b, minivault_11,
          chequers_big_river, item_on_display_a, uniq_robin
D:5:      nicolae_cairo_tiling_large, layout_loops_cross, ebering_ghost_sewer_d
Temple:   nicolae_temple_slightly_damp_pantheon

Skill      XL: |  1  2  3  4  5  6  7 |
---------------+----------------------+-----
Fighting       | 2 3 4 |  4.0
Evocations     | 4 5 |  5.0
Axes           | 3 6 7 |  7.1
Armour         | |  2.1
Dodging        | |  0.7
Stealth        | |  0.7

Action                   |  1- 3 |  4- 6 |  7- 9 || total
-------------------------+-------+-------+-------++-------
Melee: Club              |    52 |       |       ||    52
       Short sword       |   157 |    10 |       ||   167
       Punch             |     1 |     2 |       ||     3
       Whip              |       |    39 |       ||    39
       Trident           |       |    62 |       ||    62
       War axe           |       |   116 |    29 ||   145
       Flail             |       |     7 |       ||     7
Throw: Dart              |       |       |     3 ||     3
Evoke: Wand              |       |     6 |       ||     6
 Stab: Sleeping          |     1 |       |       ||     1
Armor: Leather armour    |    35 |       |       ||    35
       Chain mail        |    40 |   147 |    20 ||   207
Dodge: Dodged            |   101 |    84 |    10 ||   195
Block: Other             |    21 |    58 |     6 ||    85
       Reflection        |       |     1 |       ||     1

Table legend: (Time is in decaauts)
 A = Elapsed time spent in this place.
 B = Non-inter-level travel time spent in this place.
 C = Inter-level travel time spent in this place.
 D = Time resting spent in this place.
 E = Time spent auto-exploring this place.
 F = Levels seen in this place.
 G = Mean time per level.
                   A        B        C        D        E       F      G
               +--------+--------+--------+--------+--------+-----+--------+
         Total |   5175 |   4876 |    299 |    653 |   3130 |   6 |  862.5 |
       Dungeon |   4985 |   4710 |    275 |    653 |   2986 |   5 |  997.0 |
        Temple |    189 |    165 |     24 |      0 |    144 |   1 |  189.0 |
               +--------+--------+--------+--------+--------+-----+--------+

Top non-repeatable levels by time:
     D:1: 1549 daAuts
     D:4: 1547 daAuts
     D:3: 905 daAuts
     D:2: 657 daAuts
     D:5: 326 daAuts
  Temple: 189 daAuts
